 Dungeon Crawl Stone Soup version 0.23.2-1-ga50397a6bc (webtiles) character file.

Game seed: 15991069610610367311

4130 Elric the Cleaver (level 10, -10/94 HPs)
             Began as a Deep Dwarf Fighter on May 7, 2019.
             Was a Believer of Makhleb.
             Mangled by a death yak (20 damage)
             ... on level 8 of the Dungeon.
             The game lasted 00:08:13 (5646 turns).

Elric the Cleaver (Deep Dwarf Fighter)              Turns: 5646, Time: 00:08:13

Health: -10/94     AC: 10    Str: 24    XL:     10   Next: 6%
Magic:  8/8        EV:  4    Int:  8    God:    Makhleb [**....]
Gold:   424        SH: 17    Dex: 16    Spells: 9/9 levels left

rFire    . . .     SeeInvis .   a - +0 war axe
rCold    . . .     Gourm    .   w - +0 large shield
rNeg     . . .     Faith    +   e - +0 chain mail
rPois    .         Spirit   .   (no helmet)
rElec    .         Reflect  .   h - +0 cloak
rCorr    .         Harm     .   (no gloves)
MR       +....                  (no boots)
Stlth    ..........             k - amulet of faith
HPRegen  0.00/turn              o - +4 ring of dexterity
MPRegen  0.11/turn              (no ring)

@: non-regenerating
A: damage resistance, heal wounds, sense surroundings 2, no regeneration
a: Heal Wounds, Minor Destruction, Renounce Religion


You were on level 8 of the Dungeon.
You worshipped Makhleb.
Makhleb was pleased with you.
You were not hungry.

You visited 1 branch of the dungeon, and saw 8 of its levels.

You collected 424 gold pieces.

Inventory:

Hand Weapons
 a - a +0 war axe (weapon)
Armour
 b - a +1 scale mail
 c - a +1 shield
 e - a +0 chain mail (worn)
 h - a +0 cloak (worn)
 w - a +0 large shield (worn)
Jewellery
 k - an amulet of faith (around neck)
 n - a cursed amulet of inaccuracy {unknown}
 o - a +4 ring of dexterity (left hand)
 v - a +4 amulet of reflection {unknown}
 x - an uncursed ring of ice {unknown}
Wands
 q - a wand of flame (14)
 t - a wand of digging (5)
 F - a wand of acid (14)
Scrolls
 g - 6 scrolls of remove curse
 j - 2 scrolls of identify
 m - a scroll of amnesia
 p - a scroll of magic mapping {unknown}
 s - a scroll of immolation {unknown}
 y - a scroll of enchant weapon {unknown}
 z - a scroll of holy word {unknown}
 E - a scroll of fear
 G - a scroll of noise {unknown}
Potions
 d - 2 potions of might
 i - 2 potions of lignification
 l - 2 potions of curing {unknown}
 r - a potion of ambrosia {unknown}
 u - a potion of haste
 A - a potion of flight {unknown}
 B - a potion of brilliance {unknown}
 D - a potion of invisibility
Comestibles
 f - 21 rations
 C - 8 chunks of flesh


   Skills:
 + Level 7.2 Fighting
 * Level 11.1 Axes
 + Level 3.7 Armour
 + Level 8.4 Shields
 * Level 2.5 Invocations


You had 9 spell levels left.
You didn't know any spells.
Your spell library contained the following spells:

 Spells                   Type           Power        Failure   Level  Hunger
 Magic Dart               Conj           #...         100%        1    ##.....
 Blink                    Tloc           N/A          100%        2    ###....
 Call Imp                 Summ           #.......     100%        2    ###....
 Slow                     Hex            #.......     100%        2    ###....
 Conjure Flame            Conj/Fire      #.......     100%        3    ####...
 Mephitic Cloud           Conj/Pois/Air  #.......     100%        3    ####...


Dungeon Overview and Level Annotations

Branches:
Dungeon (8/15)             Temple (0/1) D:5
   Lair: D:8-11

Altars:
Ashenzari
Elyvilon
Fedhas
Gozag
Makhleb
Okawaru
Sif Muna
Yredelemnul
The Shining One

Shops:
D:5 (


Innate Abilities, Weirdness & Mutations

You are resistant to damage.
You can heal yourself by infusing magical energy.
You passively map the area around you.
You do not regenerate.


Message History

The worker ant zombie is almost destroyed.
You hit the death yak but do no damage.
You block the worker ant zombie's attack.
The death yak gores you but does no damage.
Your shield and chain mail prevent you from hitting the worker ant zombie.
The worker ant zombie is almost destroyed.
You barely miss the death yak.
A leopard gecko comes into view.
You hit the death yak.
The death yak is lightly wounded.
You hit the death yak but do no damage. You closely miss the sky beast.
The death yak gores you!!
* * * LOW HITPOINT WARNING * * *
The sky beast hits you but does no damage.
Unknown command.
You hit the death yak.
The death yak is lightly wounded.
You closely miss the sky beast. You hit the death yak.
The death yak gores you!!
You die...

, * ** , ,, ,*,, ##...
....#* ,* , ,
#....##.... * , , *,
#......... * , * **
###....l...* * ,
.......... ,, * ,
,.......Z. ,, * * , ,
*,,......YY#### * , ,,
, ......Y@...# * ,
......../..# ###### * ,
...........# #....###.
, ##.........# #.#.....
*
#.........####'#..#####
#.................#<..#
*
#.................)##.#
#...............#.....#
#...............#...###


You could see 2 death yaks, a sky beast, a worker ant zombie and a leopard
gecko.

Vanquished Creatures
  A two-headed ogre (D:6)
  A troll (D:8)
  A human (D:7)
  4 hogs (D:7)
  A water moccasin (D:8)
  2 ice beasts
  3 sky beasts
  A phantom (D:6)
  A centaur (D:8)
  5 ogres
  Blork the orc (D:6)
  3 bullfrogs
  A water moccasin skeleton (D:8)
  2 scorpions (D:4)
  A howler monkey (D:2)
  3 crimson imps
  A jelly (D:6)
  6 orc wizards
  2 hounds
  6 orc priests
  3 bullfrog skeletons
  An iguana (D:4)
  2 worker ants
  7 gnolls
  9 adders
  A shadow imp (D:6)
  2 oozes (D:3)
  An adder zombie (D:5)
  5 worms
  3 dart slugs
  5 leopard geckos
  26 orcs
  9 giant cockroaches
  3 goblins
  10 hobgoblins
  2 jackals (D:6)
  3 quokkas
  2 ball pythons
  13 bats
  6 frilled lizards
  A giant cockroach zombie (D:6)
  A jackal skeleton (D:6)
  11 kobolds
  A leopard gecko skeleton (D:4)
  8 rats
181 creatures vanquished.

Notes
Turn   | Place    | Note
-------+----------+-------------------------------------------
     0 | D:1      | Elric the Deep Dwarf Fighter began the quest for the Orb.
     0 | D:1      | Reached XP level 1. HP: 20/20 MP: 1/1
   151 | D:1      | Reached XP level 2. HP: 26/28 MP: 2/2
   288 | D:1      | Reached skill level 3 in Axes
   711 | D:1      | Reached XP level 3. HP: 32/34 MP: 3/3
  1097 | D:2      | Reached XP level 4. HP: 36/42 MP: 4/4
  1274 | D:2      | Reached skill level 4 in Axes
  1536 | D:2      | Found a blossoming altar of Fedhas.
  1895 | D:3      | Reached XP level 5. HP: 25/50 MP: 5/5
  1896 | D:3      | HP: 1/50 [orc priest/divine providence (11)]
  2045 | D:3      | Reached skill level 5 in Axes
  2050 | D:3      | Found a deep blue altar of Sif Muna.
  2054 | D:3      | Reached XP level 6. HP: 27/57 MP: 6/6
  2653 | D:4      | Found an opulent altar of Gozag.
  2873 | D:4      | Found a basalt altar of Yredelemnul.
  2911 | D:4      | Found a shattered altar of Ashenzari.
  2921 | D:4      | Reached skill level 6 in Axes
  2921 | D:4      | Reached skill level 5 in Shields
  2921 | D:4      | Reached XP level 7. HP: 52/66 MP: 7/7
  3016 | D:4      | Found a white marble altar of Elyvilon.
  3055 | D:4      | Found a burning altar of Makhleb.
  3055 | D:4      | Found a glowing golden altar of the Shining One.
  3183 | D:4      | Became a worshipper of Makhleb the Destroyer
  3204 | D:5      | Entered Level 5 of the Dungeon
  3205 | D:5      | Found an iron altar of Okawaru.
  3251 | D:5      | Found a staircase to the Ecumenical Temple.
  3403 | D:5      | Reached skill level 5 in Fighting
  3403 | D:5      | Reached skill level 7 in Axes
  3630 | D:5      | Found Rouget's Weapon Emporium.
  3666 | D:5      | Reached XP level 8. HP: 27/74 MP: 8/8
  3893 | D:6      | Reached * piety under Makhleb
  3902 | D:6      | Noticed a two-headed ogre
  3925 | D:6      | Killed a two-headed ogre
  3925 | D:6      | Reached skill level 9 in Axes
  3995 | D:6      | Gained mutation: You passively map the area around you.
                  | [Deep Dwarf growth]
  3995 | D:6      | Reached XP level 9. HP: 37/82 MP: 8/8
  4176 | D:6      | Noticed Blork the orc
  4187 | D:6      | Killed Blork the orc
  4205 | D:6      | Reached ** piety under Makhleb
  4299 | D:6      | Reached skill level 10 in Axes
  5515 | D:7      | Reached skill level 11 in Axes
  5515 | D:7      | Reached skill level 1 in Invocations
  5568 | D:8      | Noticed a troll
  5616 | D:8      | Killed a troll
  5616 | D:8      | Reached XP level 10. HP: 20/94 MP: 8/8
  5639 | D:8      | Noticed a death yak
  5641 | D:8      | Noticed a death yak
  5646 | D:8      | Mangled by a death yak

Skill      XL: |  1  2  3  4  5  6  7  8  9 |
---------------+----------------------------+-----
Fighting       | 3 4 5 6 7 |  7.2
Axes           | 3 4 5 6 7 9 11 | 11.1
Shields        | 4 5 7 8 |  8.4
Invocations    | 2 |  2.5
Armour         | |  3.7

Action                   |  1- 3 |  4- 6 |  7- 9 | 10-12 || total
-------------------------+-------+-------+-------+-------++-------
Melee: War axe           |    74 |   201 |   319 |     7 ||   601
Invok: Minor Destruction |       |       |     1 |       ||     1
 Abil: Heal Wounds       |       |     4 |     6 |       ||    10
  Use: Scroll            |       |     7 |       |       ||     7
       Potion            |       |       |     1 |       ||     1
  Eat: Ration            |       |     1 |       |       ||     1
       Chunk             |       |     4 |     7 |     2 ||    13
Armor: Scale mail        |    45 |    85 |       |       ||   130
       Chain mail        |       |     5 |   143 |     3 ||   151
Dodge: Dodged            |    35 |    76 |    48 |       ||   159
Block: Shield            |    55 |   122 |    67 |       ||   244
       Large shield      |       |       |   235 |     4 ||   239
